 Dungeon Crawl Stone Soup version 0.14-a0-2061-g6c6fb9c (webtiles) character file.

67524 RedPan the Necromancer (level 14, -7/95 HPs)
             Began as a Vampire Necromancer on Jan 21, 2014.
             Was a High Priest of Kikubaaqudgha.
             Mangled by a tentacled starspawn (17 damage)
             ... on Level 1 of the Abyss on Jan 22, 2014.
             The game lasted 05:38:03 (50534 turns).

RedPan the Necromancer (Vampire Necromancer)       Turns: 50534, Time: 05:38:03

HP  -7/95        AC  8     Str  4 (8)  XL: 14   Next: 73%
MP   5/39        EV 20     Int 14 (20) God: Kikubaaqudgha [*****.]
Gold 2704        SH  0     Dex  8 (14) Spells:  8 memorised,  0 levels left

rFire  . . .     SeeInvis +     C - +4 spear (freeze)
rCold  + + +     Clarity  .     W - +2 elf robe {rC+}
rNeg   + + .     Conserve +     (no shield)
rPois  +         rCorr    .     u - +0 dwarf helmet
rElec  +         rRot     +     D - +0 cloak of Starlight {rElec rC+ EV+4 Stlth-}
SustAb . .       Spirit   .     B - +1 pair of gloves
rMut   .         Warding  .     (no boots)
Saprov . . .     Stasis   .     E - amulet of conservation
MR     +....                    w - ring of magical power
                                b - ring of invisibility

@: burdened, regenerating slowly, about to teleport, constricted, slow, somewhat
resistant to hostile enchantments, stealthy
A: bottle blood, fangs 3, see invisible, unbreathing
a: Bat Form, Bottle Blood, Receive Corpses, Torment, Renounce Religion, Evoke
Invisibility


You were on level 1 of the Abyss.
You worshipped Kikubaaqudgha.
Kikubaaqudgha was extremely pleased with you.
You were encumbered.
You were thirsty.

You visited 4 branches of the dungeon, and saw 27 of its levels.
You visited the Abyss 1 time.
You also visited: Labyrinth and Bailey.

You collected 2794 gold pieces.
You spent 90 gold pieces at shops.

Inventory:

Hand weapons
 a - a +0,+1 orcish dagger
 C - a +4,+4 spear of freezing (weapon)
 S - the +3,+3 Elemental Staff {rElec rF++ rC++ MR++ AC+5}
   (You took it off a centaur on level 10 of the Dungeon)

   It affects your AC (+5).
   It greatly protects you from fire.
   It greatly protects you from cold.
   It insulates you from electricity.
   It affects your resistance to hostile enchantments.
Armour
 u - a +0 dwarven helmet (worn)
 B - a +1 pair of gloves (worn)
 D - the +0 cloak of Starlight (worn) {rElec rC+ EV+4 Stlth-}
   (You found it on level 8 of the Lair of Beasts)

   It affects your evasion (+4).
   It protects you from cold.
   It insulates you from electricity.
   It makes you much less stealthy.
 W - a +2 elven robe of cold resistance (worn)
Magical devices
 x - a wand of hasting (2)
 y - a wand of cold (10)
 A - a wand of lightning (5)
 Y - a wand of digging (7)
Comestibles
 p - 3 meat rations
Scrolls
 f - 2 scrolls of teleportation
 g - a scroll of torment {unknown}
 h - 4 scrolls of magic mapping
 i - a scroll of curse jewellery {unknown}
 k - 3 scrolls of recharging
 l - 2 scrolls of identify
 m - a scroll of blinking
 q - a scroll of enchant weapon III
 s - a scroll of amnesia
 t - 2 scrolls of fear
 I - 6 scrolls of remove curse
 L - a scroll of enchant armour
 N - a scroll of acquirement {unknown}
 O - a scroll of curse armour {unknown}
Jewellery
 b - a ring of invisibility (left hand)
 n - an uncursed amulet of stasis
 w - a ring of magical power (right hand)
 z - an uncursed ring of wizardry
 E - an amulet of conservation (around neck)
 F - an uncursed ring of protection from cold
 H - the ring "Mihoatu" {Ice Dex+3 Int+3, unknown}
   (You found it on level 14 of the Dungeon)

   [ring of ice]

   It affects your intelligence (+3).
   It affects your dexterity (+3).
 K - an uncursed ring of sustain abilities
Potions
 c - a potion of speed
 d - 2 potions of restore abilities
 j - 3 potions of agility
 o - 4 potions of curing
 r - 3 potions of flight
 v - a potion of brilliance
 J - 2 potions of resistance
 M - 6 potions of blood
Books
 G - a book of Cantrips

   Spells                             Type                      Level
   Confusing Touch                    Hexes                        1
   *Animate Skeleton                  Necromancy                   1
   Summon Small Mammal                Summoning                    1
   Apportation                        Translocation                1


   Skills:
 - Level 4.1 Fighting
 - Level 8.1 Short Blades
 - Level 14.0 Dodging
 - Level 11.4 Stealth
 - Level 8.2 Spellcasting
 - Level 18.0 Necromancy
 + Level 6.0 Ice Magic


You couldn't memorise any spells.
You knew the following spells:

 Your Spells              Type           Power        Failure   Level  Hunger
a - Pain                  Necr           ####         0%          1    None
b - Animate Skeleton      Necr           N/A          0%          1    None
c - Animate Dead          Necr           N/A          1%          4    ####...
d - Vampiric Draining     Necr           ######....   1%          3    ##.....
e - Control Undead        Necr           ######....   1%          4    ####...
f - Agony                 Necr           ######..     1%          5    #####..
g - Dispel Undead         Necr           ######..     1%          5    #####..
h - Simulacrum            Ice/Necr       #####.....   14%         6    #######


Dungeon Overview and Level Annotations

Branches:
Dungeon (14/16)            Temple (1/1) D:7             Orc (4/4) D:10
    Elf (0/3) Orc:3          Lair (8/8) D:11         Shoals (0/5) Lair:6
  Snake (0/5) Lair:5        Slime (0/6) Lair:6
 Vaults: D:14-15

Altars:
Cheibriados
Dithmengos
Elyvilon
Kikubaaqudgha
Makhleb
Nemelex Xobeh
Okawaru
Sif Muna
Trog
Vehumet
Xom
Yredelemnul
the Shining One
Jiyva

Shops:
D:10 :   Orc:4 ((!=?

Annotations:
D:5 Menkaure


Innate Abilities, Weirdness & Mutations

You heal slowly.
You can bottle blood from corpses.
You have razor-sharp teeth.*
You have supernaturally acute eyesight.
You can survive without breathing.*


Message History

You are being weighed down by all of your possessions.
You feel dopey.
* * * LOW HITPOINT WARNING * * *
The starspawn tentacle constricts you. The tentacled starspawn bites you.
* * * LOW HITPOINT WARNING * * *
The tentacled starspawn engulfs you!
* * * LOW HITPOINT WARNING * * *
Drink which item? (? for menu, Esc to quit)
You feel better.
Your death drake zombie barely misses the wretched star.
Your red draconian zombie barely misses the wretched star.
* * * LOW HITPOINT WARNING * * *
The starspawn tentacle constricts you.
Unknown command.
Drink which item? (? for menu, Esc to quit)
You feel better.
Your death drake zombie closely misses the wretched star.
The tentacled starspawn bites you!
You die...
Kikubaaqudgha rasps: "You have failed me!
Welcome... oblivion!"

. ... ..( .
. .# . .
.#.#.. ###
.#. .
...##(.#. .#
......
..(...# . #
#. ..%#w ##
..##..##.#Z#
. . #
.#.#*.# #
#.###


#Xwz# . .#@##.# .. # #zw.#.# . #...#. . .. ..#....# . ###.##. .. #.... # ... ..
### ## You could see a tentacled starspawn, a wretched star, 2 starspawn
tentacles, a friendly brain worm zombie, a friendly death drake zombie and a
friendly red draconian zombie.

Vanquished Creatures
  A yaktaur captain (Abyss:1)
  A minotaur (Lab)
  Fannar (D:11)
  A hydra (Lair:2)
  3 orc high priests (Orc:4)
  A centaur warrior (Abyss:1)
  3 unseen horrors
  2 orc sorcerers
  A cyclops (D:11)
  2 elephants
  5 spiny frogs
  3 komodo dragons
  A wandering mushroom (Lab)
  2 trolls
  4 slime creatures
  A hydra zombie (D:10)
  A two-headed ogre (D:14)
  A snapping turtle (Lair:6)
  2 basilisks
  2 trapdoor spiders
  2 wyverns
  3 hill giant zombies
  3 ugly things (D:13)
  4 hippogriffs
  A steam dragon (D:14)
  A wraith (D:11)
  15 yaks
  A hungry ghost (D:7)
  9 wolves
  Edmund (D:4)
  A manticore (D:8)
  A small abomination (Abyss:1)
  3 porcupines
  4 ogres
  An ice beast (D:11)
  A black bear (D:8)
  14 orc warriors
  22 killer bees
  2 centaurs
  2 sky beasts (D:8)
  A giant goldfish (Lair:6)
  2 big kobolds
  A warg (Orc:4)
  3 crocodiles
  A giant slug zombie (D:13)
  10 giant frogs
  2 giant slugs
  3 water moccasins
  2 iguanas
  A cyclops skeleton (D:14)
  A wight (D:14)
  3 electric eels
  7 crimson imps
  3 jellies
  19 orc priests
  3 goliath beetles
  A big fish (Lair:6)
  2 centaur skeletons
  9 hounds
  A grizzly bear simulacrum (Lair:8)
  20 orc wizards
  6 scorpions
  6 sheep
  15 worker ants
  A big kobold skeleton (D:13)
  A hound skeleton (D:8)
  2 worker ant zombies
  5 giant centipedes
  4 gnolls (D:6)
  23 adders
  24 green rats
  A giant mite (Lair:4)
  7 worms
  An ufetubus (Abyss:1)
  A giant centipede zombie (D:8)
  An adder skeleton (D:9)
  4 grey rats (D:9)
  2 giant eyeballs
  12 giant geckos
  3 oozes
  119 orcs
  15 bats
  A bat skeleton (D:4)
  5 giant cockroaches
  25 goblins
  25 hobgoblins
  3 quokkas
  5 giant newts
  2 giant spores
  A goblin skeleton (D:5)
  15 jackals
  17 kobolds
  A quokka zombie (D:8)
  25 rats
  6 ballistomycetes
  A fungus (Lair:3)
  A plant (Lair:3)
610 creatures vanquished.

Vanquished Creatures (collateral kills)
  Rupert (Lair:4)
  A tentacled starspawn (Abyss:1)
  An ironheart preserver (Abyss:1)
  6 hydras
  15 death yaks (Lair:8)
  A centaur warrior (D:13)
  An orc high priest (Orc:4)
  A thrashing horror (Abyss:1)
  Nergalle (D:9)
  4 catoblepae
  4 hill giants
  5 large abominations (Abyss:1)
  An orc knight (D:10)
  2 cyclopes (D:13)
  Joseph (Orc:3)
  A necromancer (Lair:8)
  A sixfirhy (Orc:4)
  2 oklob plants
  4 black mambas
  10 elephants
  4 spiny frogs
  A smoke demon (Orc:4)
  3 wandering mushrooms (Lab)
  A yaktaur (Abyss:1)
  A grey draconian skeleton (Abyss:1)
  2 fire drakes (Lair:8)
  Grinder (D:4)
  A komodo dragon (D:14)
  8 blink frogs
  7 slime creatures
  4 trolls
  A boulder beetle (Lair:8)
  2 basilisks
  A trapdoor spider (Lab)
  8 ugly things (D:13)
  3 sharks
  An elephant slug (D:11)
  A shadow (D:13)
  A vampire (D:14)
  A wyvern (D:9)
  3 hungry ghosts
  3 hippogriffs
  38 yaks
  3 manticores
  9 wolves
  2 electric eels (Lair:6)
  A small abomination (Abyss:1)
  3 ice beasts (D:12)
  A freezing wraith (Abyss:1)
  4 gargoyles (Lab)
  7 orc warriors
  3 giant goldfish (D:12)
  3 porcupines
  4 centaurs
  4 ogres
  3 sky beasts
  8 crocodiles
  5 water moccasins
  A gnoll sergeant (D:6)
  6 giant slugs
  3 hounds
  3 wargs
  A big kobold (D:11)
  9 giant frogs
  7 agate snails
  10 killer bees
  8 wights
  A jellyfish (D:12)
  An eye of draining (D:12)
  2 goliath beetles
  2 crimson imps
  A jelly (D:10)
  A two-headed ogre zombie (D:10)
  A quasit (D:9)
  An iguana (D:4)
  11 orc priests
  4 worker ants
  An orange rat (D:9)
  2 grizzly bear simulacra (Lair:8)
  11 orc wizards
  11 sheep
  A killer bee zombie (D:14)
  A big kobold skeleton (D:14)
  5 adders
  A gnoll (D:6)
  A giant centipede (Lair:6)
  71 green rats
  2 hound simulacra (Lair:8)
  An inept item mimic (D:6)
  A worm (D:9)
  3 giant eyeballs
  5 giant geckos
  2 oozes (D:6)
  49 orcs
  3 sheep simulacra (Lair:8)
  3 goblins
  4 hobgoblins
  4 jackals
  6 kobolds
  6 quokkas
  3 bats
  A giant newt (Lair:1)
  A giant spore (D:7)
  A hobgoblin zombie (D:5)
  5 rats
  3 rat simulacra (Lair:8)
  A rat skeleton (D:8)
  3 spectral orcs
  6 ballistomycetes
  8 fungi
  20 plants
538 creatures vanquished.

Vanquished Creatures (others)
  A sphinx zombie (D:13)
  2 stone giant zombies
  2 death yak zombies (Lair:8)
  An elephant slug zombie (D:11)
  A redback zombie (D:13)
  A centaur skeleton (Abyss:1)
  A death drake zombie (Abyss:1)
  5 hydra zombies
  4 guardian serpent zombies (Abyss:1)
  A jumping spider zombie (Lab)
  An alligator zombie (Lab)
  A griffon zombie (D:11)
  A tarantella zombie (Lab)
  A trapdoor spider zombie (D:13)
  A black mamba zombie (Lair:4)
  3 ugly thing zombies (D:13)
  2 spiny worm zombies (D:13)
  4 hill giant zombies (D:10)
  A black mamba skeleton (Lair:8)
  4 agate snail zombies (Lair:8)
  2 human zombies
  5 spiny frog zombies
  5 blink frog zombies
  5 elephant zombies
  A snapping turtle zombie (Lab)
  2 fire drake zombies
  3 giant slug zombies
  3 komodo dragon zombies
  A yaktaur zombie (Lab)
  A manticore zombie (D:11)
  A wyvern zombie (D:11)
  2 cyclops zombies
  3 hippogriff zombies
  20 yak zombies
  4 troll zombies
  5 wolf zombies
  A wolf skeleton (Lair:6)
  2 yak skeletons (Lair:8)
  3 centaur zombies
  2 basilisk zombies
  2 giant frog skeletons
  10 giant frog zombies
  A boring beetle zombie (Lair:8)
  7 water moccasin zombies
  2 warg zombies
  A basilisk skeleton (Lair:8)
  An orc wizard (D:13)
  5 porcupine zombies
  5 ogre zombies
  12 killer bee zombies
  A big kobold zombie (D:11)
  4 brain worm zombies (Abyss:1)
  6 sky beast zombies
  8 crocodile zombies
  3 hound zombies
  4 worker ant zombies
  A worm zombie (D:8)
  A goliath beetle zombie (D:9)
  6 adder zombies
  2 giant centipede zombies
  6 sheep zombies (Lair:3)
  2 adder skeletons (D:9)
  2 scorpion zombies
  2 bat skeletons
  6 bat zombies
  2 gnoll zombies (D:6)
  33 green rat zombies
  3 giant cockroach zombies
  4 giant gecko zombies
  A giant newt zombie (D:11)
  A giant spore (D:9)
  A goblin skeleton (D:2)
  16 goblin zombies
  A hobgoblin skeleton (D:2)
  7 hobgoblin zombies
  4 jackal zombies
  4 kobold zombies
  An orc skeleton (D:4)
  116 orc zombies
  2 quokka zombies
  A rat skeleton (D:4)
  7 rat zombies
  A bush (Lair:8)
  4 fungi
  8 plants
  11 starspawn tentacles (Abyss:1)
  32 starspawn tentacle segments (Abyss:1)
469 creatures vanquished.

Grand Total: 1617 creatures vanquished

Notes
Turn   | Place    | Note
--------------------------------------------------------------
     0 | D:1      | RedPan, the Vampire Necromancer, began the quest for the Orb.
     0 | D:1      | Reached XP level 1. HP: 13/13 MP: 3/3
   165 | D:1      | Learned a level 1 spell: Animate Skeleton
   446 | D:1      | Reached XP level 2. HP: 16/19 MP: 5/5
  1147 | D:2      | Reached XP level 3. HP: 22/24 MP: 5/7
  1859 | D:2      | Reached skill level 5 in Necromancy
  2223 | D:3      | Reached XP level 4. HP: 18/30 MP: 3/10
  3214 | D:4      | Learned a level 4 spell: Animate Dead
  3218 | D:4      | Learned a level 3 spell: Vampiric Draining
  3228 | D:4      | Noticed Grinder
  3932 | D:4      | Reached XP level 5. HP: 30/35 MP: 11/13
  4122 | D:4      | Noticed a giant frog
  4139 | D:4      | Killed a giant frog
  4139 | D:4      | Reached skill level 6 in Necromancy
  4167 | D:4      | Killed Grinder
  4167 | D:4      | Reached skill level 7 in Necromancy
  4167 | D:4      | Reached XP level 6. HP: 18/41 MP: 4/15
  4998 | D:4      | Noticed Edmund
  5017 | D:4      | Killed Edmund
  5017 | D:4      | Reached skill level 8 in Necromancy
  5017 | D:4      | Reached XP level 7. HP: 34/46 MP: 0/17
  5676 | D:5      | Entered Level 5 of the Dungeon
  5981 | D:4      | Learned a level 4 spell: Control Undead
  6167 | D:5      | Paralysed by a giant eyeball for 3 turns
  7255 | D:5      | Reached skill level 9 in Necromancy
  7397 | D:5      | Noticed a yak
  7399 | D:5      | Noticed a yak
  7404 | D:5      | Killed a yak
  7407 | D:5      | Noticed a yak
  7408 | D:5      | Noticed a yak
  7412 | D:5      | Noticed a yak
  7422 | D:5      | Killed a yak
  7450 | D:5      | Killed a yak
  7450 | D:5      | Reached skill level 10 in Necromancy
  8056 | D:6      | Reached XP level 8. HP: 45/52 MP: 10/18
  8274 | D:6      | Noticed Menkaure
  9753 | D:6      | Found a viscous altar of Jiyva.
  9796 | D:6      | Reached skill level 11 in Necromancy
 10795 | D:7      | Found a staircase to the Ecumenical Temple.
 10801 | Temple   | Entered the Ecumenical Temple
 10805 | Temple   | Became a worshipper of Kikubaaqudgha
 11302 | D:7      | Reached skill level 12 in Necromancy
 11969 | D:7      | Reached XP level 9. HP: 30/57 MP: 19/19
 12750 | D:8      | Reached skill level 13 in Necromancy
 12863 | D:8      | Found a flagged portal.
 12878 | Bailey   | Entered a bailey
 12879 | Bailey   | Acquired Kikubaaqudgha's first power
 12879 | Bailey   | Received a gift from Kikubaaqudgha
 12880 | Bailey   | Identified Kikubaaqudgha's Disquisition on Unholy Rituals (Kikubaaqudgha gifted it to you in a bailey)
 14081 | D:8      | Reached skill level 5 in Stealth
 14750 | D:9      | Reached skill level 5 in Dodging
 14984 | D:9      | Found a sparkling altar of Nemelex Xobeh.
 16828 | D:9      | Acquired Kikubaaqudgha's second power
 16988 | D:9      | Reached XP level 10. HP: 55/63 MP: 18/20
 17182 | D:10     | Entered Level 10 of the Dungeon
 17419 | D:10     | Noticed Nergalle
 17838 | D:9      | Killed Nergalle
 18488 | D:10     | Found a staircase to the Orcish Mines.
 19122 | D:10     | Noticed an unseen horror
 19132 | D:10     | Killed an unseen horror
 19276 | D:10     | Found Ilenup's Book Shoppe.
 19873 | D:11     | Found a staircase to the Lair.
 19873 | D:11     | Noticed an elephant
 19895 | D:11     | Killed an elephant
 19897 | D:11     | Reached skill level 10 in Dodging
 19897 | D:11     | Reached skill level 10 in Stealth
 20256 | D:11     | Paralysed by a giant eyeball for 3 turns
 20257 | D:11     | Noticed an unseen horror
 20277 | D:11     | Killed an unseen horror
 20406 | D:11     | Noticed Fannar
 20413 | D:11     | Noticed a cyclops
 20477 | D:11     | Killed a cyclops
 20771 | D:11     | Reached XP level 11. HP: 37/68 MP: 16/21
 20825 | D:11     | Killed Fannar
 21986 | Lair:1   | Entered Level 1 of the Lair of Beasts
 23464 | Lair:2   | Reached skill level 1 in Fighting
 23467 | Lair:2   | Noticed a seven-headed hydra
 23478 | Lair:2   | Killed a seven-headed hydra
 24931 | Lair:2   | Received a gift from Kikubaaqudgha
 24932 | Lair:2   | Identified Kikubaaqudgha's Disquisition on Sinister Rituals (Kikubaaqudgha gifted it to you on level 2 of the Lair of Beasts)
 26490 | Lair:3   | Reached skill level 14 in Necromancy
 26597 | Lair:3   | Learned a level 5 spell: Agony
 27750 | Lair:4   | Noticed Rupert
 27764 | Lair:4   | Killed Rupert
 27764 | Lair:4   | Reached skill level 5 in Spellcasting
 27764 | Lair:4   | Reached XP level 12. HP: 65/76 MP: 11/24
 29551 | Lair:5   | Reached skill level 15 in Necromancy
 29599 | Lair:5   | Found a staircase to the Snake Pit.
 29603 | Lair:5   | Found a labyrinth entrance.
 29622 | Lab      | Entered a labyrinth
 29965 | Lab      | Got a twisted chain mail
 30613 | Lab      | Learned a level 5 spell: Dispel Undead
 30798 | Lab      | Noticed a minotaur
 30818 | Lab      | Killed a minotaur
 30839 | Lab      | Identified the Incunabulum of Displacement
 30840 | Lab      | Got a bloodstained flail
 31039 | Lair:2   | Identified a +8 rod of fiery destruction (12/12) (You found it in a labyrinth)
 31866 | Lair:6   | Found a staircase to the Slime Pits.
 32912 | Lair:6   | Found a staircase to the Shoals.
 33044 | Lair:6   | Reached skill level 16 in Necromancy
 33952 | Lair:7   | Got a transparent jade ring
 33969 | Lair:7   | Noticed a seven-headed hydra
 33978 | Lair:7   | Killed a seven-headed hydra
 34081 | Lair:7   | Identified the ring of Trog's Favour {Dex+1 Int+1 Dam-1} (You found it on level 7 of the Lair of Beasts)
 35562 | Lair:7   | Noticed a six-headed hydra
 35569 | Lair:7   | Killed a six-headed hydra
 35748 | Lair:7   | Acquired Kikubaaqudgha's third power
 35748 | Lair:7   | Reached skill level 17 in Necromancy
 35751 | Lair:7   | Reached XP level 13. HP: 63/81 MP: 3/28
 36259 | Lair:8   | Entered Level 8 of the Lair of Beasts
 37277 | Lair:8   | Found a dark tunnel.
 37461 | Lair:8   | Reached skill level 18 in Necromancy
 39400 | Lair:2   | Paralysed by a potion of paralysis for 2 turns
 39632 | Orc:1    | Entered Level 1 of the Orcish Mines
 41294 | Orc:2    | Acquired Kikubaaqudgha's fourth power
 41961 | Orc:3    | Found a staircase to the Elven Halls.
 42017 | Orc:3    | Reached skill level 1 in Short Blades
 42259 | Orc:3    | Noticed Joseph
 42269 | Orc:3    | Killed Joseph
 43206 | Orc:4    | Entered Level 4 of the Orcish Mines
 43619 | Orc:4    | Reached XP level 14. HP: 87/95 MP: 29/29
 44260 | Orc:4    | Found Tuvywk's Jewellery Emporium.
 44268 | Orc:4    | Found Mneamec's Magic Scroll Emporium.
 44276 | Orc:4    | Found Pimagot's Distillery.
 44843 | Orc:4    | Found Kiunin's Antique Weapon Shoppe.
 45071 | Orc:4    | Bought a scroll of identify for 30 gold pieces
 45071 | Orc:4    | Bought a scroll of identify for 30 gold pieces
 45071 | Orc:4    | Bought a scroll of identify for 30 gold pieces
 45275 | Orc:4    | Found Giome's Antique Weapon Shoppe.
 45675 | Lair:2   | Learned a level 6 spell: Simulacrum
 46041 | D:12     | Reached skill level 1 in Ice Magic
 46923 | D:13     | Reached skill level 5 in Short Blades
 49477 | D:14     | Got a heavily runed bronze ring
 49870 | D:14     | Paralysed by a giant eyeball for 4 turns
 49878 | D:14     | Paralysed by a giant eyeball for 3 turns
 49884 | D:14     | Paralysed by a giant eyeball for 4 turns
 49891 | D:14     | Paralysed by a giant eyeball for 4 turns
 49898 | D:14     | Paralysed by a giant eyeball for 4 turns
 49971 | D:14     | Paralysed by a giant eyeball for 4 turns
 50137 | D:14     | Cast into the Abyss (ogre mage)
 50432 | Abyss:1  | Reached skill level 5 in Ice Magic
 50447 | Abyss:1  | Noticed a tentacled starspawn
 50457 | Abyss:1  | Killed a tentacled starspawn
 50510 | Abyss:1  | Noticed a tentacled starspawn
 50532 | Abyss:1  | HP: 2/95 [tentacled starspawn (17)]
 50534 | Abyss:1  | Mangled by a tentacled starspawn

Action                   |  1- 3 |  4- 6 |  7- 9 | 10-12 | 13-15 || total
-------------------------+-------+-------+-------+-------+-------++-------
Melee: Spear             |    88 |    37 |   411 |   486 |   663 ||  1685
       Unarmed           |     2 |       |    18 |     2 |       ||    22
       Staff             |       |       |       |    30 |    47 ||    77
       Dagger            |       |       |       |       |    65 ||    65
 Cast: Pain              |    65 |    73 |   217 |   369 |   235 ||   959
       Animate Skeleton  |    10 |     6 |     2 |     1 |       ||    19
       Animate Dead      |       |     5 |    26 |    95 |   115 ||   241
       Vampiric Draining |       |    12 |    89 |   152 |   236 ||   489
       Control Undead    |       |       |    12 |     6 |       ||    18
       Agony             |       |       |       |    65 |    89 ||   154
       Dispel Undead     |       |       |       |       |     9 ||     9
Invok: Receive Corpses   |       |       |     1 |    21 |    37 ||    59
 Abil: Bottle Blood      |       |     1 |    13 |    23 |    26 ||    63
       End Transformatio |       |       |     5 |     4 |     5 ||    14
       Bat Form          |       |       |     5 |     4 |     5 ||    14
Evoke: Wand              |       |       |     1 |    11 |     2 ||    14
       tome              |       |       |       |     4 |       ||     4
  Use: Scroll            |       |     2 |     8 |    25 |     7 ||    42
       Potion            |       |     2 |    13 |    15 |    24 ||    54
 Stab: Sleeping          |     6 |     1 |    13 |    18 |    16 ||    54
       Distracted        |       |       |     5 |     9 |    16 ||    30
